[Event "Coimbra Queima Fitas Open 2024"]
[Site "Coimbra"]
[Date "2024.04.25"]
[Round "1.1"]
[White "Sousa, Andre Miguel Vale Ve"]
[Black "Silva, Tiago Oliveira Da"]
[Result "1-0"]
[ECO "B12"]
[WhiteElo "2426"]
[BlackElo "1692"]
[Annotator "TA"]
[PlyCount "45"]
[EventDate "2024.04.23"]
[EventType "swiss"]
[EventCountry "POR"]
[SourceTitle "playchess.com"]
[Source "ChessBase"]
[SourceQuality "1"]
[TimeControl "5400+30"]

1. e4 c6 2. d4 d5 3. e5 Bf5 4. Nf3 e6 5. Be2 Nd7 6. O-O Ne7 7. c3 c5 8. dxc5 Nxc5 9. Nd4 a6 10. b4 Nd7 {The position is equal.} 11. f4 Qb6 (11... g5 $11) 12. Be3 $16 Qc7 $1 13. g4 $36 {[%mdl 2048] White fights for an advantage.} Bxb1 (13... Be4 $14) 14. Rxb1 {And now f5 would win.} (14. Qxb1 Qxc3 15. Qc1 Rc8 $11) 14... g6 15. Rc1 {White is more active.} Nb6 {[#]} (15... Bg7 $16 {was worth a try.}) 16. f5 $1 $18 gxf5 17. gxf5 Qxe5 18. Bf4 {This pair of bishops is nice.} Rg8+ {[%cal Bh8g8,Bg8g4,Bg4f4][%mdl 32] [#]} 19. Kh1 $1 ({Don't blunder} 19. Bg4 $2 Qe4 (19... Qg7 $2 20. fxe6 Qxg4+ 21. Bg3 $19) 20. Rc2 (20. fxe6 $2 f5 $19) 20... Bh6 (20... exf5 21. Re2 $17) (20... Nxf5 $2 21. Nxf5 Rxg4+ 22. Bg3 $19) 21. fxe6 f5 $19 (21... Bxf4 $2 22. exf7+ Kxf7 23. Rxf4+ Qxf4 24. Rf2 $18) (21... fxe6 22. Nxe6 Bxf4 23. Nxf4 $19)) 19... Qe4+ (19... Qg7 20. Bg3 (20. fxe6 $2 Qg2#) 20... Nxf5 21. Nxf5 exf5) 20. Rf3 {White is clearly winning.} Rg4 ({But not} 20... exf5 21. Bd3) 21. Bd3 Qxf4 22. Rxf4 Rxf4 23. fxe6 {White took control after the opening.   Weighted Error Value: White=0.03 (flawless) /Black=0.47.  Mistake:       	---       	Black=4      OK:         	White=4     	Black=5      Best:        	White=2     	---        Strong:       	White=2     	Black=1} 1-0

[Event "Coimbra Queima Fitas Open 2024"]
[Site "Coimbra"]
[Date "2024.04.25"]
[Round "1.2"]
[White "Almeida, Joao Afonso Alvim Ol"]
[Black "Veiga, Jose Francisco Reis "]
[Result "0-1"]
[ECO "C50"]
[WhiteElo "1689"]
[BlackElo "2378"]
[Annotator "TA"]
[PlyCount "68"]
[EventDate "2024.04.23"]
[EventType "swiss"]
[EventCountry "POR"]
[SourceTitle "playchess.com"]
[Source "ChessBase"]
[SourceQuality "1"]
[TimeControl "5400+30"]

1. e4 e5 2. Nf3 Nc6 3. Bc4 Bc5 4. O-O Nf6 5. d3 d6 6. c3 a6 7. Be3 Bxe3 8. fxe3 O-O 9. Nbd2 Na5 10. Qe1 d5 (10... Nxc4 $15 11. Nxc4 b6) 11. exd5 b5 12. Bb3 {[%emt 0:01:13] The position is equal.} Nxb3 13. Nxb3 {[%emt 0:00:45] aiming for e4.} Qxd5 14. d4 e4 ({Black should play} 14... exd4 $11 15. cxd4 Be6) 15. Ne5 $14 Ne8 16. Qh4 (16. Na5 $14) 16... Nd6 (16... f6 $11) 17. Nc5 f6 18. Ng4 Kh8 19. Ne5 Bf5 {[%emt 0:04:25] Prevents Ng6+.} (19... Kg8 $1 $11) 20. Ng4 (20. Ncd7 $1 $14) 20... a5 21. b3 a4 22. Nf2 Ra7 23. Nh3 (23. c4 $11 bxc4 24. bxa4) 23... Kg8 (23... axb3 $1 $15 24. axb3 Rxa1 25. Rxa1 Ra8) 24. Nf4 $11 Qa8 25. bxa4 bxa4 26. Rab1 Qe8 27. Rb4 Qf7 28. d5 (28. Rxa4 g5 29. Qg3 Rxa4 30. Nxa4 Kh8 $17 (30... Qxa2 31. Nc5 $15)) 28... Ra5 {[%emt 0:03:39] Dodges c4} 29. Nfe6 {[%emt 0:00:27] A dynamic duo of knights.} (29. Nxa4 $2 Bd7 30. Ne6 Bxe6 (30... Bxa4 $2 31. Nxf8 Qxf8 32. Rfb1 $19) 31. dxe6 Qxe6 $19) 29... Rc8 30. c4 (30. Rxa4 Rxa4 31. Nxa4 Bxe6 32. dxe6 Qxe6 $17) 30... c6 $2 (30... Bxe6 $11 31. Nxe6 c5) 31. Qg3 $18 (31. Rxa4 Rxa4 32. Nxa4 Bxe6 33. dxe6 Qxe6 $15) 31... Qe7 32. Rfb1 (32. Rxa4 Rxa4 33. Nxa4 Bxe6 34. dxe6 Nxc4 $17) (32. Nxg7 $142 Bg6 33. Nce6 (33. Nxa4 $2 Kxg7 34. c5 Nf7 $19) 33... cxd5 34. c5) 32... Bxe6 {[%emt 0:07:11] [#]} 33. Nxe6 (33. Rb7 $1 $18 Nxb7 34. Rxb7) 33... cxd5 $11 {[%emt 0:01:22] [#]} 34. Rb7 $2 Nxb7 {[%emt 0:00:28] Weighted Error Value: White=0.47/Black=0.39.  Loses game:     	White=1     	Black=1      Missed win:     	White=1     	---        Mistake:       	White=4     	Black=5      Inaccurate:     	White=3     	Black=2      OK:         	White=8     	Black=8      Best:        	White=1     	Black=3} 0-1

[Event "Coimbra Queima Fitas Open 2024"]
[Site "Coimbra"]
[Date "2024.04.25"]
[Round "1.3"]
[White "Serarols Mabras, Bernat"]
[Black "Oliveira, Fernando Alves"]
[Result "1-0"]
[ECO "A40"]
[WhiteElo "2361"]
[BlackElo "1689"]
[Annotator "TA"]
[PlyCount "77"]
[EventDate "2024.04.23"]
[EventType "swiss"]
[EventCountry "POR"]
[SourceTitle "playchess.com"]
[Source "ChessBase"]
[SourceQuality "1"]
[TimeControl "5400+30"]

1. d4 Nc6 2. c4 e5 3. Nf3 exd4 4. Nxd4 Bb4+ 5. Nc3 Ne5 (5... Bxc3+ $11 6. bxc3 Nf6) 6. Qb3 Bxc3+ 7. Qxc3 d6 8. g3 {[%emt 0:03:42] White is better.} Nf6 9. Bg2 O-O 10. O-O Re8 11. Rd1 Ng6 12. b3 Ne4 13. Qc2 Qe7 14. Bb2 Nc5 {[%emt 0:03:48] Prevents Rd3.} 15. Re1 Ne6 16. Nf5 Qd7 17. Qc3 {[%emt 0:08:04][%cal Rf5g7] White is much more active.} f6 18. e4 Qf7 19. Rad1 Nc5 20. Qc2 Bd7 21. Ne3 Rad8 22. Nd5 Bg4 23. f3 Be6 24. b4 Na6 25. a3 c6 26. Ne3 $36 {[%emt 0:00:15][%mdl 2048] White is really pushing.} d5 $2 {[%emt 0:00:41] This costs Black the game.} (26... Ne5 $16 {might work better.}) 27. cxd5 cxd5 {[%emt 0:00:08] [#]} 28. exd5 (28. f4 $142 $1 {[%cal Rf4f5] Strongly threatening f5.} d4 29. Rxd4 (29. Bxd4 Bb3 $14)) 28... Bxd5 $18 29. Nxd5 Rxe1+ 30. Rxe1 Qxd5 31. f4 Qb5 (31... Qd2 {was necessary.} 32. Qxd2 Rxd2) 32. Qb3+ Kf8 {[%emt 0:00:44] [#]} 33. Qe3 Nc7 34. Qxa7 Nd5 35. Qd4 {[%emt 0:01:51][%cal Oa3a4] And now a4! would win.} Nge7 36. Qe4 {[%emt 0:04:59] Prevents Nf5.} Kg8 37. Bf1 {[%emt 0:01:04] This pair of bishops is nice.} Qd7 38. Bc4 Qc7 (38... Kh8 39. Bb3 Qc6) 39. Qxe7 {[%emt 0:02:31] Weighted Error Value: White=0.16 (very precise) /Black=0.29 (precise) .  Loses game:     	---       	Black=1      Mistake:       	White=1     	Black=2      Inaccurate:     	White=1     	Black=4      OK:         	White=12    	Black=12     Best:        	White=2     	Black=3} 1-0

[Event "Coimbra Queima Fitas Open 2024"]
[Site "Coimbra"]
[Date "2024.04.25"]
[Round "1.4"]
[White "Neto, Dinis Fonseca"]
[Black "Martins, Bruno Andre Leite"]
[Result "0-1"]
[ECO "B15"]
[WhiteElo "1685"]
[BlackElo "2360"]
[Annotator "TA"]
[PlyCount "80"]
[EventDate "2024.04.23"]
[EventType "swiss"]
[EventCountry "POR"]
[SourceTitle "playchess.com"]
[Source "ChessBase"]
[SourceQuality "1"]
[TimeControl "5400+30"]

1. e4 c6 2. Nc3 d5 3. d4 dxe4 4. Nxe4 Nf6 5. Nxf6+ exf6 6. Bf4 Be7 7. Nf3 O-O 8. Bd3 Re8 {[%emt 0:01:48] The position is equal.} 9. O-O Nd7 10. c3 Nf8 11. h3 Ng6 12. Bg3 Be6 13. Qc2 Qa5 14. a4 Rad8 15. Rfd1 Bd6 16. Bxd6 Rxd6 17. b4 Qh5 18. Bxg6 hxg6 19. Re1 Rdd8 20. Nh2 Qg5 21. Qd3 Bf5 22. Qf3 Qd2 23. Rxe8+ (23. Rec1 $11) 23... Rxe8 $17 24. Rd1 {[%emt 0:00:23][%mdl 8192] [#] Now White is beyond hope.} (24. Ng4 $17) 24... Re1+ $19 25. Rxe1 Qxe1+ {[%emt 0:00:03][%mdl 4096] Endgame. KQB-KQN} 26. Nf1 Qb1 27. g4 Bd3 28. Qg2 Qc1 29. f3 Qxc3 30. Qd2 Qxd4+ 31. Ne3 b6 32. Kg2 c5 33. bxc5 bxc5 34. Qc1 c4 35. Nd1 Be2 36. Nc3 Qd3 37. Nxe2 Qxe2+ 38. Kg3 Qd3 39. Qe1 c3 40. Qe8+ Kh7 {[%emt 0:00:05] Weighted Error Value: White=0.67/Black=0.20 (precise) .  Loses game:     	White=1     	---        Mistake:       	White=1     	---        Inaccurate:     	White=4     	Black=1      OK:         	White=9     	Black=11     Best:        	White=2     	Black=3} 0-1

[Event "Coimbra Queima Fitas Open 2024"]
[Site "Coimbra"]
[Date "2024.04.25"]
[Round "1.5"]
[White "Martin Duque, Jesus"]
[Black "Camacho, Filipa Fernandes Bri"]
[Result "1-0"]
[ECO "A06"]
[WhiteElo "2336"]
[BlackElo "1684"]
[Annotator "TA"]
[PlyCount "73"]
[EventDate "2024.04.23"]
[EventType "swiss"]
[EventCountry "POR"]
[SourceTitle "playchess.com"]
[Source "ChessBase"]
[SourceQuality "1"]
[TimeControl "5400+30"]

1. Nf3 d5 2. b3 Nf6 3. Bb2 e6 4. e3 c5 5. c4 b6 6. g3 Bb7 7. Bg2 Be7 8. O-O O-O 9. Nc3 Nc6 10. cxd5 exd5 11. d4 Ba6 12. Re1 c4 (12... Ne4 $142) 13. Ne5 $16 Qd6 (13... Na5 $16 {was worth a try.}) 14. bxc4 $18 Bxc4 15. Nxc4 dxc4 16. Qa4 Rac8 17. Qxc4 Nb4 $2 (17... Na5 $16 18. Qd3 Nc4) 18. Qe2 Qd7 19. Rac1 Qf5 $2 (19... Nfd5 {might work better.} 20. Nxd5 Nxd5) 20. e4 Qa5 21. a3 Nc6 22. Nd5 Rfd8 {[%emt 0:06:18] [#]} 23. Rxc6 $1 Nxd5 24. exd5 {[%emt 0:00:12] Rxc8 would now be deadly.} Bf8 25. Rec1 Re8 26. Qd3 Rcd8 27. h4 Re1+ 28. Kh2 {[%emt 0:05:13] Black must now prevent Bc3.} Rxc1 29. Bxc1 Qe1 30. Qf3 Be7 31. Rc7 a6 32. Bg5 {[%emt 0:01:14] White mates.} f6 {[%emt 0:00:39] [#]} 33. d6 $1 Bf8 {[%emt 0:02:14] [#]} (33... Rxd6 34. Be3) 34. Bxf6 $1 Qe8 35. Bxd8 Qxd8 36. Qf7+ Kh8 37. Bd5 {[%emt 0:00:04] Black got outplayed after the opening.   Weighted Error Value: White=0.09 (flawless) /Black=0.77.  Mistake:       	---       	Black=4      OK:         	White=6     	Black=2      Best:        	White=1     	---} 1-0

[Event "Coimbra Queima Fitas Open 2024"]
[Site "Coimbra"]
[Date "2024.04.25"]
[Round "1.6"]
[White "Correia, Pedro Mourao Soares"]
[Black "Grimm, Daniel"]
[Result "0-1"]
[ECO "B02"]
[WhiteElo "1684"]
[BlackElo "2296"]
[Annotator "TA"]
[PlyCount "50"]
[EventDate "2024.04.23"]
[EventType "swiss"]
[EventCountry "POR"]
[SourceTitle "playchess.com"]
[Source "ChessBase"]
[SourceQuality "1"]
[TimeControl "5400+30"]

1. e4 Nf6 2. Nc3 d6 3. d4 Nbd7 4. Nf3 e5 5. Bc4 Be7 6. O-O O-O 7. Qe2 c6 8. a4 Qc7 9. a5 Rb8 10. Be3 exd4 11. Bxd4 b5 {[%emt 0:04:06] White has an edge.} 12. axb6 axb6 13. Ra2 (13. e5 $142 dxe5 14. Nxe5) 13... Ne5 14. Nxe5 dxe5 15. Be3 Nd7 16. Rfa1 b5 17. Bb3 Nc5 18. Bxc5 Bxc5 19. Nd1 Qe7 20. c3 Qf6 (20... Qh4 {keeps more tension.} 21. Qe1 Rd8 22. Ra8 Rxa8 23. Rxa8 g6) 21. Kh1 g6 22. Ra8 $2 {[%emt 0:01:04] [#] White does not recover from this.} ({White should play} 22. f3 $15) 22... Bg4 $1 $19 23. Qxg4 Rxa8 24. Rc1 (24. Rxa8 {was the only chance.} Rxa8 25. Qe2) 24... Rfd8 25. Qe2 Qf4 {Weighted Error Value: White=0.53/Black=0.13 (very precise) .  Loses game:     	White=1     	---        Mistake:       	White=2     	---        Inaccurate:     	White=2     	---        OK:         	White=3     	Black=5      Best:        	White=1     	---        Brilliant:      	---       	Black=1} 0-1

[Event "Coimbra Queima Fitas Open 2024"]
[Site "Coimbra"]
[Date "2024.04.25"]
[Round "1.7"]
[White "Iglesias Ferreira, Andres Agustin"]
[Black "Marques, Goncalo Costa Campos"]
[Result "1-0"]
[ECO "C85"]
[WhiteElo "2261"]
[BlackElo "1683"]
[Annotator "TA"]
[PlyCount "59"]
[EventDate "2024.04.23"]
[EventType "swiss"]
[EventCountry "POR"]
[SourceTitle "playchess.com"]
[Source "ChessBase"]
[SourceQuality "1"]
[TimeControl "5400+30"]

1. e4 e5 2. Nf3 Nc6 3. Bb5 a6 4. Ba4 Nf6 5. O-O Be7 6. Bxc6 dxc6 7. d3 Qd6 8. b3 Bg4 9. Nbd2 {[%emt 0:01:23] Black should prevent Nc4.} Bxf3 10. Qxf3 b5 {[%emt 0:14:41] White is slightly better.} 11. Bb2 O-O 12. Qg3 Nd7 13. Nf3 Bf6 14. Rfe1 Rfe8 15. Rad1 Qc5 (15... c5 $11) 16. c3 Nf8 (16... a5 $11 {keeps the balance.}) 17. d4 $16 exd4 (17... Qe7 $14) 18. cxd4 Qb6 19. e5 $36 {[%emt 0:00:23][%cal Be4e5,Be5d6][%mdl 2080] Keeping Black busy.} Be7 20. d5 {[%emt 0:02:13] Prevents Ne6. White is more active.} (20. Nh4 $16) 20... Ng6 $2 {[%emt 0:07:50][%mdl 8192] [#] This move loses the game for Black.} (20... cxd5 $11 {and Black has nothing to worry.} 21. e6 f6 (21... fxe6 22. Qxg7#) (21... Nxe6 $2 22. Rxe6 Bf8 23. Rxb6 $18)) 21. d6 $18 cxd6 22. exd6 Bf8 23. Rxe8 Rxe8 24. h4 Re2 25. h5 Rxb2 (25... Nf4 $142 26. Bxg7 (26. Bd4 c5 $18) 26... Nxh5 (26... Bxg7 $2 {too greedy.} 27. d7 $18) 27. Bd4+ Nxg3 28. Bxb6 Bxd6 29. Rxd6 Ne4) 26. hxg6 hxg6 27. Qh4 {[%emt 0:02:19] [#] Hoping for d7.} f6 28. d7 Be7 29. Qd4 $2 (29. Re1 Kf7 30. Nd4) 29... Qxd4 30. Nxd4 {Weighted Error Value: White=0.77/Black=0.56.  Loses game:     	---       	Black=1      Mistake:       	White=2     	Black=4      Inaccurate:     	White=2     	Black=1      OK:         	White=4     	Black=8      Best:        	White=1     	Black=1} 1-0

[Event "Coimbra Queima Fitas Open 2024"]
[Site "Coimbra"]
[Date "2024.04.25"]
[Round "1.8"]
[White "Meuter, Alain Louis"]
[Black "Povshednyi, Ivan"]
[Result "0-1"]
[ECO "A04"]
[WhiteElo "1674"]
[BlackElo "2249"]
[Annotator "TA"]
[PlyCount "58"]
[EventDate "2024.04.23"]
[EventType "swiss"]
[EventCountry "POR"]
[SourceTitle "playchess.com"]
[Source "ChessBase"]
[SourceQuality "1"]
[TimeControl "5400+30"]

1. Nf3 g6 2. g3 Bg7 3. Bg2 Nf6 4. O-O O-O 5. d3 d6 6. e4 c5 7. c3 Nc6 8. Re1 e5 9. Nbd2 h6 10. Nf1 Be6 11. Ne3 Nd7 12. g4 {[%emt 0:06:06][%cal Oe3f5] The position is equal.} Nf6 13. h3 Re8 14. c4 Nh7 15. Nf1 Ng5 16. N3h2 Nd4 17. Be3 Bd7 {[%emt 0:01:06][%cal Oh6h5] Black is much more active.} 18. Bxd4 (18. Bxg5 $17 hxg5 (18... Qxg5 19. Nf3 $17) 19. Ne3) 18... cxd4 $19 19. Ng3 Ne6 20. Ne2 Bf6 21. Nf3 (21. a4 $142) 21... Kg7 22. Qd2 Rh8 23. Rf1 h5 24. Nh2 (24. g5 {was necessary.} Bxg5 (24... Nxg5 $2 25. Nxg5 Bxg5 26. f4 $17) 25. Nxg5 Nxg5 (25... Qxg5 26. f4 $17) 26. f4 Nxh3+ 27. Bxh3 Bxh3 28. Rf2) 24... hxg4 25. hxg4 Bg5 26. f4 Nxf4 ({But not} 26... Bxf4 27. Nxf4 Nxf4 28. Rxf4 exf4 29. Qxf4 $19) 27. Nxf4 Bxf4 28. Rxf4 exf4 29. Qxf4 Qf6 {[%emt 0:00:09] Weighted Error Value: White=0.39/Black=0.13 (very precise) .  Mistake:       	White=3     	---        Inaccurate:     	White=3     	Black=1      OK:         	White=2     	Black=7      Best:        	White=1     	Black=1} 0-1

[Event "Coimbra Queima Fitas Open 2024"]
[Site "Coimbra"]
[Date "2024.04.25"]
[Round "1.9"]
[White "Ribeiro, Gustavo Martins Sant"]
[Black "Montenegro, Goncalo Matias Barbo"]
[Result "1-0"]
[ECO "B30"]
[WhiteElo "2226"]
[BlackElo "1665"]
[Annotator "RC"]
[PlyCount "37"]
[EventDate "2024.04.23"]
[EventType "swiss"]
[EventCountry "POR"]
[SourceTitle "playchess.com"]
[Source "ChessBase"]
[SourceQuality "1"]
[TimeControl "5400+30"]

1. e4 c5 2. Nf3 Nc6 3. c3 d5 4. exd5 Qxd5 5. Na3 a6 6. Nc4 Bg4 7. Ne3 Qe4 8. Qb3 Rb8 9. Qxf7+ Kxf7 10. Ng5+ Ke8 11. Nxe4 Bc8 12. Nxc5 e5 13. Ne4 Nf6 14. Bd3 Nxe4 15. Bxe4 g6 16. h4 Ne7 17. b3 Bf5 18. d3 Bg7 19. Ba3 1-0

[Event "Coimbra Queima Fitas Open 2024"]
[Site "Coimbra"]
[Date "2024.04.25"]
[Round "1.10"]
[White "Melo, Ricardo Jorge Do Nas"]
[Black "Garcia Dorado, Alberto"]
[Result "0-1"]
[ECO "E24"]
[WhiteElo "1663"]
[BlackElo "2218"]
[Annotator "TA"]
[PlyCount "98"]
[EventDate "2024.04.23"]
[EventType "swiss"]
[EventCountry "POR"]
[SourceTitle "playchess.com"]
[Source "ChessBase"]
[SourceQuality "1"]
[TimeControl "5400+30"]

1. d4 Nf6 2. c4 e6 3. Nc3 Bb4 4. a3 Bxc3+ 5. bxc3 d5 6. Bg5 O-O 7. cxd5 exd5 8. Bxf6 Qxf6 9. e3 {[%emt 0:00:13] The position is equal.} Nc6 10. Bd3 Ne7 11. Ne2 Bf5 12. Ng3 Bg6 13. O-O Qe6 14. Re1 Bxd3 15. Qxd3 f5 16. f3 Qg6 17. Ne2 c6 18. c4 Qf7 19. cxd5 Nxd5 20. Nc3 Rad8 21. Nxd5 Qxd5 22. Rac1 f4 23. Qc4 fxe3 24. Qxd5+ Rxd5 25. Rxe3 $11 {[%emt 0:00:07][%mdl 4096] Endgame. KRR-KRR} Rfd8 26. Re7 R8d7 27. Rce1 {[%emt 0:01:53] Black continues to play with concentration.} ({White should try} 27. Rxd7 $15 Rxd7 28. Rb1) 27... Rxd4 $17 28. R1e3 Kf8 29. R7e5 R4d5 30. Re8+ Kf7 31. R8e4 Rd4 32. Re5 g6 {[%emt 0:00:14] Inhibits Rf5+.} 33. Rc5 (33. Kf2 {was necessary.}) 33... Rd3 34. Rxd3 (34. Kf2 $142) 34... Rxd3 $19 {[%emt 0:00:13] KR-KR} 35. Ra5 a6 36. Kf2 Rd2+ 37. Kg3 Ke6 38. Ra4 c5 39. Re4+ Kd7 40. Rh4 h5 41. Rf4 b5 42. Rf6 Rd6 43. Rf7+ Kc6 44. Kf4 b4 45. axb4 cxb4 46. Rf8 Kc7 {[%emt 0:01:10] [#] Threatens to win with ...b3.} 47. h4 b3 {[%emt 0:00:53] ( -> ...b2)} 48. Rf7+ Rd7 49. Rf6 b2 {[%emt 0:00:12] Weighted Error Value: White=0.57/Black=0.13 (very precise) .  Mistake:       	White=3     	---        Inaccurate:     	White=3     	Black=3      OK:         	White=8     	Black=14     Best:        	---       	Black=2} 0-1

[Event "Coimbra Queima Fitas Open 2024"]
[Site "Coimbra"]
[Date "2024.04.25"]
[Round "1.11"]
[White "Farias, David Nuno Moita Est"]
[Black "Tacuchian, Marcelo De Oliveira"]
[Result "1-0"]
[ECO "B38"]
[WhiteElo "2194"]
[BlackElo "1660"]
[Annotator "TA"]
[PlyCount "61"]
[EventDate "2024.04.23"]
[EventType "swiss"]
[EventCountry "POR"]
[SourceTitle "playchess.com"]
[Source "ChessBase"]
[SourceQuality "1"]
[TimeControl "5400+30"]

1. e4 c5 2. Nf3 Nc6 3. d4 cxd4 4. Nxd4 g6 5. c4 Bg7 6. Be3 Qb6 7. Nb3 Qc7 8. Qd2 Nf6 9. f3 {[%emt 0:00:29] White is slightly better.} e6 ({Better is} 9... b6 $14) 10. Nc3 a6 {[%emt 0:02:15] Wards off Nb5} 11. O-O-O Na5 (11... b6 $16 12. Bf4 e5) 12. Nxa5 Qxa5 13. Qd6 {[%emt 0:02:34] Bb6 would now be deadly.} Bf8 14. Qd4 {[%emt 0:00:47] White has more active pieces.} e5 15. Qd3 Bb4 (15... d6 $142) 16. Bd2 $16 Qb6 17. Kb1 Be7 18. Bh6 Bf8 19. Qd2 Ng8 $2 (19... d6 20. Qg5 Be7) 20. Bg5 f6 21. Nd5 Qc6 22. Be3 Bc5 23. Bxc5 Qxc5 24. b4 {[%emt 0:00:23] Wards off b6} Qc6 25. c5 Ne7 26. Bc4 {[%emt 0:01:01] [#] Hoping for Qh6.} Nxd5 27. exd5 Qc7 28. d6 {[%emt 0:00:12][%cal Od2h6] Threatening mate with Qh6!} Qd8 {[%emt 0:00:50] Black is weak on the light squares} 29. Qd5 {[%emt 0:00:09][%csl Gc4][%cal Rd5f7] White mates.} Rf8 30. Rhe1 g5 {[%emt 0:00:44] [#]} 31. Rxe5+ $1 {[%emt 0:00:15][%mdl 512] White took control after the opening.   Weighted Error Value: White=0.07 (flawless) /Black=0.60.  Mistake:       	---       	Black=4      Inaccurate:     	---       	Black=3      OK:         	White=7     	Black=2      Best:        	White=1     	Black=2} 1-0

[Event "Coimbra Queima Fitas Open 2024"]
[Site "Coimbra"]
[Date "2024.04.25"]
[Round "1.12"]
[White "Cichecki, Adam Ksawery"]
[Black "Goncalves, Samuel Jesus Pereira"]
[Result "1/2-1/2"]
[ECO "B28"]
[WhiteElo "1659"]
[BlackElo "2190"]
[Annotator "TA"]
[PlyCount "136"]
[EventDate "2024.04.23"]
[EventType "swiss"]
[EventCountry "POR"]
[SourceTitle "playchess.com"]
[Source "ChessBase"]
[SourceQuality "1"]
[TimeControl "5400+30"]

1. e4 c5 2. Nf3 a6 3. d4 cxd4 4. Nxd4 Nf6 5. Nc3 e5 6. Nf3 Bb4 7. Bd2 O-O 8. Bd3 d5 9. Qe2 (9. Nxd5 $11 Bxd2+ 10. Nxd2 (10. Qxd2 Nxd5 11. exd5 e4 $17)) 9... Nc6 ({Black should play} 9... d4 $15 10. Nb1 Nc6) 10. Nxd5 $1 $11 Bxd2+ (10... Nxd5 $11 11. exd5 Qxd5) 11. Qxd2 $16 Nxd5 12. exd5 e4 (12... Nd4 $16) 13. dxc6 (13. Bxe4 $18 f5 14. dxc6 fxe4 15. Qxd8 Rxd8 16. Nd2) 13... exf3 14. gxf3 Qf6 15. O-O-O bxc6 16. Be4 Be6 17. Qd4 {[%emt 0:03:46] aiming for Qxf6.} (17. Bxc6 $6 Rac8 18. Be4 Bxa2 $11) 17... Qg5+ 18. Qe3 Qa5 19. a3 (19. Bxc6 Rac8 20. Rd6 (20. Bb7 Rb8 $11) 20... Qxa2 $14) (19. Rhg1 {simplifies} g6 20. a3 Bd5 21. Bxd5 cxd5 22. Rg5) 19... Rab8 20. Rhg1 {[%emt 0:01:50][%cal Oe3h6] [#] Intending Qh6! and mate.} Qb5 (20... g6 $16) 21. Qc3 $18 f6 (21... g6 $142 22. h4 (22. Bxc6 Qb6 $14) 22... Rfd8 23. Bxc6 Qf5) 22. Rd6 ({Not} 22. Qxc6 Qxb2+ 23. Kd2 Qe5 $17) (22. Bxc6 Qh5 23. Bd7 Bd5 $11) 22... Kf7 (22... Qc4 23. Qxc4 (23. Bxc6 Qf4+ 24. Qd2 Qxh2 $18) (23. Rxc6 Qa2 $18) 23... Bxc4 24. Bxc6 (24. Rxc6 f5 $18) 24... Rfc8 25. Rxf6 Kh8) 23. Bxh7 Rfd8 24. Bg6+ Ke7 25. Rxd8 Rxd8 26. Bd3 Qd5 (26... Qe5 $142 27. Rxg7+ (27. Bxa6 Qxc3 28. bxc3 g5 $18) 27... Kf8) 27. Rxg7+ Bf7 28. Qb4+ (28. Bxa6 $2 Qd1#) 28... c5 29. Qe4+ Kf8 30. Qxd5 Bxd5 {[%emt 0:00:02][%mdl 4096] Endgame. KRB-KRB} 31. Rh7 Kg8 32. Rh3 c4 33. Be4 Be6 34. Rg3+ Kf7 35. c3 f5 36. Bc2 Kf6 (36... Rh8 $16) 37. f4 {[%emt 0:00:11] h4 is the strong threat.} Rh8 38. h3 Rh4 39. Kd2 Rxf4 40. Ke3 Rh4 {[%emt 0:00:01] Threatens to win with ...f4+.} 41. f4 Rh8 42. Ba4 Rd8 43. Rf3 Bf7 44. Kf2 (44. Rf2 $16) 44... Rd2+ $11 45. Kg3 Rxb2 46. Bc6 Rb6 47. Ba8 Rb8 48. Bc6 Rb6 49. Ba8 Rb3 (49... Rb8 $5 50. Bc6 $8 Rb6 $11) 50. a4 Ra3 (50... Rb8 $5 51. Bc6 $8 Rb6 $11) 51. Bc6 Ke6 52. Kh4 Kd6 ({Better is} 52... Ra2 $11) 53. Ba8 $14 Rxa4 54. Kg5 Ra1 55. Kxf5 a5 {[%emt 0:00:04] [#]} (55... Re1 $14) 56. Re3 $2 (56. Kf6 $1 $18 Bd5 57. Bxd5 Kxd5 58. f5) 56... a4 {[%emt 0:00:32] The position is equal.} 57. Re5 a3 58. Kf6 Rf1 59. Ra5 Rxf4+ 60. Kg5 Rf1 61. Rxa3 Be6 62. h4 Rg1+ 63. Kf4 Rg4+ 64. Ke3 Rxh4 65. Ra6+ Ke5 66. Ra5+ Kf6 67. Be4 Rh8 68. Kd4 Rh4 {[%emt 0:01:06] Black defended with fortune.   Weighted Error Value: White=0.43/Black=0.37.  Mistake:       	White=4     	Black=10     Inaccurate:     	White=3     	Black=2      OK:         	White=24    	Black=19     Best:        	White=3     	Black=8      Strong:       	White=1     	---} 1/2-1/2